 Dungeon Crawl Stone Soup version 0.30.0-29-ga12c61a403 (webtiles) character file.

Game seed: 18041122555874865755

393 Ijustatesigmund the Stinger (level 6, -8/40 HPs)
             Began as an Octopode Venom Mage on June 19, 2023.
             Mangled by a gnoll
             ... wielding a +0 halberd
             ... led by a gnoll bouda
              (11 damage)
             ... on level 4 of the Dungeon.
             The game lasted 00:09:39 (5068 turns).

Ijustatesigmund the Stinger (Octopode Venom Mage)   Turns: 5068, Time: 00:09:39

Health: -8/40      AC:  1    Str:  7 (8)  XL:     6   Next: 81%
Magic:  2/11       EV: 13    Int: 16 (19) God:
Gold:   304        SH:  0    Dex: 11 (12) Spells: 2/12 levels left

rFire   . . .        m - +0 morningstar
rCold   . . .        (no shield)
rNeg    + . .        (helmet restricted)
rPois   .            (no amulet)
rElec   .            j - ring of positive energy
rCorr   .            (no ring)
SInv    .            (no ring)
Will    .....        (no ring)
Stlth   +++          (no ring)
HPRegen 0.26/turn    (no ring)
MPRegen 0.12/turn    (no ring)
                     (no ring)

%: no passive effects
@: brilliant, attractive, flying
A: almost no armour, amphibious, 8 rings, camouflage 1, gelatinous body 1,
(nimble swimmer 1), tentacles
a: no special abilities


You were on level 4 of the Dungeon.
You visited 1 branch of the dungeon, and saw 4 of its levels.

You collected 304 gold pieces.

Inventory:

Hand Weapons
 c - a +0 rapier
 m - a +0 morningstar (weapon)
Jewellery
 j - a ring of positive energy (left tentacle)
Potions
 b - a potion of lignification {unknown}
 d - a potion of resistance {unknown}
 k - a potion of berserk rage {unknown}


   Skills:
 - Level 2.3 Fighting
 - Level 2.0 Dodging
 - Level 2.6 Stealth
 + Level 3.5 Spellcasting
 + Level 2.3 Conjurations
 - Level 1.0 Transmutations
 + Level 2.6 Air Magic
 * Level 5.5 Poison Magic


You had 2 spell levels left.
You knew the following spells:

 Your Spells              Type           Power      Damage    Failure   Level
a - Sting                 Tmut/Pois      76%        1d6       4%          1
b - Poisonous Vapours     Pois/Air       46%        N/A       4%          2
c - Mephitic Cloud        Conj/Pois/Air  21%        N/A       13%         3
d - Olgreb's Toxic Radia  Pois           30%        N/A       19%         4

Your spell library contained the following spells:

 Spells                   Type           Power      Damage    Failure   Level
 Dazzling Flash           Conj/Hex       18%        N/A       32%         3
 Silence                  Hex/Air        5%         N/A       96%         5
 Agony                    Necr           4%         N/A       99%         5


Dungeon Overview and Level Annotations

Branches:
Dungeon (4/15)
 Temple: D:4-7

Altars:
Trog
Wu Jian


Innate Abilities, Weirdness & Mutations

You cannot wear most types of armour.
You are amphibious.
You can wear up to eight rings at the same time.
Your skin changes colour to match your surroundings (Stealth+).
Your rubbery body absorbs attacks. (AC +1, EV +1)
((You are camouflaged when in or above water. (Stealth+)))
You have tentacles for arms and can constrict up to eight enemies at once.


Message History

You begin to radiate toxic energy.
The gnoll is poisoned. x2
You kill the gnoll!
The kobold is poisoned.
The gnoll looks even sicker.
You kill the kobold!
The gnoll hits you with a +0 club.
You closely miss the gnoll. You grab the gnoll. You squeeze the gnoll.
The gnoll is moderately wounded.
The gnoll looks even sicker. x2
Your toxic aura wanes.
You constrict the gnoll. The gnoll hits you with a +0 club.
The gnoll barely misses you.
The gnoll drinks a potion.
The gnoll is healed!
The gnoll looks more healthy.
The gnoll closely misses you.
You hit the gnoll.
The gnoll is moderately wounded.
You constrict the gnoll. The gnoll hits you but does no damage.
The gnoll barely misses you.
You barely miss the gnoll.
The gnoll is moderately wounded.
You constrict the gnoll. The gnoll barely misses you.
The gnoll closely misses you. The gnoll hits you but does no damage.
The gnoll hits you from afar with a +0 halberd!
You sock the gnoll!
You kill the gnoll!
The gnoll hits you from afar with a +0 halberd!
* * * LOW HITPOINT WARNING * * *
Okay, then.
You aren't carrying any scrolls.
Unknown command.
It was a potion of flight.
You feel very buoyant.
You fly up into the air.
The gnoll hits you from afar with a +0 halberd.
* * * LOW HITPOINT WARNING * * *
It was a potion of brilliance.
You feel clever all of a sudden. The gnoll closely misses you.
It was a potion of attraction.
You feel attractive to monsters.
The gnoll hits you from afar with a +0 halberd!
You die...

##### ###.#.###
#.......#
##...)..#
#..@).)##
##.).))..#
##).g...#
........#
..#####....
...... #.##
.###. ......
####..# .. .
...?..##.......
.##
...............


You could see a gnoll (poisoned).

Vanquished Creatures
  2 orc priests
  2 gnoll boudas
  A hound (D:3)
  3 orc wizards
  7 gnolls
  2 adders
  3 worms
  3 dart slugs
  7 orcs
  6 ball pythons
  8 endoplasms
  2 giant cockroaches
  4 goblins
  7 hobgoblins
  3 jackals (D:1)
  A quokka (D:3)
  3 frilled lizards
  7 kobolds
  9 rats
80 creatures vanquished.

Notes
Turn   | Place    | Note
-------+----------+-------------------------------------------
     0 | D:1      | Ijustatesigmund the Octopode Venom Mage began the quest for
                  | the Orb.
     0 | D:1      | Reached XP level 1. HP: 11/11 MP: 3/3
   181 | D:1      | Reached XP level 2. HP: 18/18 MP: 1/5
   438 | D:1      | Learned a level 2 spell: Poisonous Vapours
   768 | D:1      | Reached skill level 1 in Fighting
   926 | D:1      | Reached skill level 4 in Poison Magic
  1156 | D:1      | Reached XP level 3. HP: 23/23 MP: 3/6
  1160 | D:1      | Learned a level 3 spell: Mephitic Cloud
  1388 | D:1      | Found a faded altar of an unknown god.
  2391 | D:3      | Found an ornate altar of the Wu Jian Council.
  2401 | D:3      | Reached skill level 1 in Air Magic
  2401 | D:3      | Reached XP level 4. HP: 13/28 MP: 5/7
  2475 | D:3      | Reached skill level 1 in Conjurations
  2776 | D:3      | Reached XP level 5. HP: 20/34 MP: 6/9
  3554 | D:3      | Reached XP level 6. HP: 40/40 MP: 5/10
  3609 | D:3      | Learned a level 4 spell: Olgreb's Toxic Radiance
  3724 | D:3      | Reached skill level 5 in Poison Magic
  4062 | D:3      | Noticed a moth of wrath
  4065 | D:3      | Found a bloodstained altar of Trog.
  5066 | D:4      | HP: 2/40 [gnoll/+0 halberd[a gnoll bouda] (3)]
  5068 | D:4      | Mangled by a gnoll

Illustrated notes

Levels and vault maps discovered:
D:1:      minmay_arrival_arboretum_small, layout_basic,
          ebering_ecumenical_altar_mist
D:2:      layout_loops_ring
D:3:      layout_basic, amcnicky_altar_gilded, tgw_trog
D:4:      layout_cave_pools, tgw_kikubaaqudgha,
          nicolae_concentric_dashed_squares_wild, sigmund_army

Skill      XL: |  1  2  3  4  5  6 |
---------------+-------------------+-----
Fighting       | 1 2 |  2.3
Poison Magic   | 4 5 |  5.5
Air Magic      | 1 2 |  2.6
Conjurations   | 1 2 |  2.3
Spellcasting   | 3 |  3.5
Dodging        | |  2.0
Stealth        | |  2.6
Transmutations | |  1.0

Action                     |  1- 3 |  4- 6 || total
---------------------------+-------+-------++-------
  Melee: Unarmed           |    27 |       ||    27
         Constrict         |     9 |    22 ||    31
         Tentacles         |     8 |    15 ||    23
         Rapier            |    21 |    62 ||    83
         Punch             |       |     1 ||     1
         Morningstar       |       |    14 ||    14
   Cast: Sting             |    21 |    11 ||    32
         Poisonous Vapours |    19 |    42 ||    61
         Olgreb's Toxic Ra |       |     4 ||     4
         Mephitic Cloud    |       |     3 ||     3
    Use: Scroll            |     4 |     2 ||     6
         Potion            |     1 |     6 ||     7
   Stab: Sleeping          |       |     4 ||     4
 Armour: Skin              |     6 |     3 ||     9
  Dodge: Dodged            |    40 |    68 ||   108
